 Dungeon Sprint DCSS version 0.31-a0-620-gd1cbd99268 (webtiles) character file.

Game seed: 5998660442227618783

1921 zazu2006 the Protected (level 9, -13/75 HPs)
             Began as a Gnoll Wanderer on Aug 23, 2023.
             Was a Believer of Trog.
             Mangled by a boulder beetle (18 damage)
             ... in the Dungeon (Sprint IX: "|||||||||||||||||||||||||||||").
             The game lasted 00:02:59 (387 turns).

zazu2006 the Protected (Gnoll Wanderer)              Turns: 387, Time: 00:03:00

Health: -13/75     AC: 12    Str: 15    XL:     9   Next: 17%
Magic:  20/20      EV: 15    Int: 11    God:    Trog [**....]
Gold:   0          SH:  0    Dex: 16    Spells: 22/22 levels left

rFire   . . .        l - +2 scimitar (holy)
rCold   . . .        (no shield)
rNeg    . . .        e - +2 scale mail
rPois   .            (no helmet)
rElec   .            (no cloak)
rCorr   .            (no gloves)
SInv    .            n - +0 pair of boots
Will    .....        (no amulet)
Stlth   ++           o - +3 ring of strength
HPRegen 0.32/turn    p - +2 ring of evasion
MPRegen 0.17/turn

%: no teleportation
@: on berserk cooldown, slowed, very slow
A: fangs 1, strong nose, distributed training
a: Renounce Religion, Berserk, Trog's Hand


You were in the Dungeon.
You worshipped Trog.
Trog was pleased with you.
You visited 1 branch

Inventory:

Hand Weapons
 a - a +0 dagger
 l - a +2 scimitar of holy wrath (weapon)
 m - the +2 dire flail of Karma {vamp, Will+}
   (You found it in the Dungeon)

   Will+:     It increases your willpower.
Armour
 e - a +2 scale mail (worn)
 n - a +0 pair of boots (worn)
Jewellery
 o - a +3 ring of strength (left hand)
 p - a +2 ring of evasion (right hand)
Wands
 k - a wand of iceblast (10)
Scrolls
 b - a scroll of fog
 i - a scroll of blinking
Potions
 c - 5 potions of curing
 g - a potion of haste
 h - 4 potions of magic


   Skills:
 + Level 8.8 Fighting
 + Level 7.4 Short Blades
 + Level 7.4 Long Blades
 + Level 7.4 Axes
 + Level 7.4 Maces & Flails
 + Level 7.4 Polearms
 + Level 7.4 Staves
 + Level 7.4 Ranged Weapons
 + Level 7.4 Throwing
 + Level 11.3 Armour
 + Level 7.9 Dodging
 + Level 7.4 Stealth
 + Level 7.4 Shields
 + Level 7.9 Unarmed Combat
 + Level 7.4 Spellcasting
 + Level 6.2 Conjurations
 + Level 6.2 Hexes
 + Level 6.2 Summonings
 + Level 6.2 Necromancy
 + Level 6.2 Translocations
 + Level 6.2 Transmutations
 + Level 6.2 Fire Magic
 + Level 6.2 Ice Magic
 + Level 6.2 Air Magic
 + Level 6.2 Earth Magic
 + Level 6.2 Poison Magic
 + Level 8.2 Invocations
 + Level 8.8 Evocations
 + Level 6.8 Shapeshifting


You had 22 spell levels left.
You didn't know any spells.
Your spell library was empty.

Dungeon Overview and Level Annotations

Branches:
Dungeon (1/1)

Altars:
Cheibriados
Dithmenos
Elyvilon
Fedhas
Gozag
Hepliaklqana
Kikubaaqudgha
Makhleb
Nemelex Xobeh
Okawaru
Qazlal
Ru
Sif Muna
Trog
Uskayaw
Vehumet
Wu Jian
Xom
Yredelemnul
Zin
The Shining One
Jiyva
Lugonu


Innate Abilities, Weirdness & Mutations

You have very sharp teeth.
Your uncanny sense of smell can sniff out nearby items.
Your experience applies equally to all skills.


Message History

The wraith is severely damaged.
The boulder beetle curls into a ball and begins rolling!
The wraith hits you but does no damage.
Blink to where?
Press: ? - help, Dir - move target
As you read the scroll of blinking, it crumbles to dust.
Okay, then.
The boulder beetle misses you.
The boulder beetle stops rolling and uncurls.
The boulder beetle barely misses you.
You feel much better. The boulder beetle bites you!!
You hit the boulder beetle but do no damage.
You punch the boulder beetle, but do no damage.
The boulder beetle is moderately wounded.
The boulder beetle misses you. x2
You hit the boulder beetle but do no damage.
The boulder beetle is moderately wounded.
The boulder beetle bites you!
* * * LOW HITPOINT WARNING * * *
The boulder beetle barely misses you.
Unknown command.
You hit the boulder beetle but do no damage.
You bite the boulder beetle, but do no damage.
The boulder beetle is moderately wounded.
The boulder beetle bites you but does no damage.
You hit the boulder beetle but do no damage.
You punch the boulder beetle, but do no damage.
You bite the boulder beetle, but do no damage.
The boulder beetle is moderately wounded.
The boulder beetle bites you.
* * * LOW HITPOINT WARNING * * *
The boulder beetle bites you but does no damage.
Okay, then.
You hit the boulder beetle but do no damage.
You bite the boulder beetle, but do no damage.
The boulder beetle is moderately wounded.
The boulder beetle bites you!
* * * LOW HITPOINT WARNING * * *
The boulder beetle bites you!!
You die...

▓.▓
▓?▓
▓)▓
▓.▓
▓.▓
▓[▓
▓[▓
▓.▓
▓@▓
∆
▓B▓
∆
▓W▓
∆
▓T▓
∆
▓.▓
▓.▓
∆
▓.▓
▓.▓
∆
▓§▓
∆


You could see a boulder beetle, a troll and a wraith.

Vanquished Creatures
  2 two-headed ogres (D)
  An efreet (D)
  A troll (D)
  A yak (D)
  A gnoll sergeant (D)
  A hound (D)
  2 orc wizards (D)
  An adder (D)
  2 dart slugs (D)
  2 bats (D)
  An endoplasm (D)
  A goblin (D)
  A jackal (D)
  A frilled lizard (D)
18 creatures vanquished.

Notes
Turn   | Place    | Note
-------+----------+-------------------------------------------
     0 | D        | zazu2006 the Gnoll Wanderer began the quest for the Orb.
     0 | D        | zazu2006 set off with the following items: a +0 dagger, a
                  | scroll of fog, 2 potions of curing, 2 potions of berserk
                  | rage, a +2 scale mail, a potion of heal wounds, a potion of
                  | haste, 2 potions of magic, a scroll of blinking.
     0 | D        | Reached XP level 1. HP: 20/20 MP: 1/1
    27 | D        | Reached skill level 1 in Invocations
    34 | D        | Reached skill level 1 in Short Blades
    34 | D        | Reached skill level 1 in Long Blades
    34 | D        | Reached skill level 1 in Axes
    34 | D        | Reached skill level 1 in Maces & Flails
    34 | D        | Reached skill level 1 in Polearms
    34 | D        | Reached skill level 1 in Staves
    34 | D        | Reached skill level 1 in Ranged Weapons
    34 | D        | Reached skill level 1 in Throwing
    34 | D        | Reached skill level 1 in Stealth
    34 | D        | Reached skill level 1 in Shields
    34 | D        | Reached skill level 1 in Spellcasting
    49 | D        | Noticed a hound
    54 | D        | Killed a hound
    55 | D        | Reached skill level 5 in Fighting
    55 | D        | Reached skill level 1 in Conjurations
    55 | D        | Reached skill level 1 in Hexes
    55 | D        | Reached skill level 1 in Summonings
    55 | D        | Reached skill level 1 in Necromancy
    55 | D        | Reached skill level 1 in Translocations
    55 | D        | Reached skill level 1 in Transmutations
    55 | D        | Reached skill level 1 in Fire Magic
    55 | D        | Reached skill level 1 in Ice Magic
    55 | D        | Reached skill level 1 in Air Magic
    55 | D        | Reached skill level 1 in Earth Magic
    55 | D        | Reached skill level 1 in Poison Magic
    55 | D        | Reached skill level 5 in Evocations
    55 | D        | Reached skill level 1 in Shapeshifting
    55 | D        | Reached XP level 2. HP: 27/27 MP: 3/5
    55 | D        | Reached XP level 3. HP: 33/33 MP: 3/6
    91 | D        | Found a snail-covered altar of Cheibriados.
    91 | D        | Found a shadowy altar of Dithmenos.
    91 | D        | Found a white marble altar of Elyvilon.
    91 | D        | Found a blossoming altar of Fedhas.
    91 | D        | Found an opulent altar of Gozag.
    92 | D        | Found a hazy altar of Hepliaklqana.
    93 | D        | Found a viscous altar of Jiyva.
    94 | D        | Found an ancient bone altar of Kikubaaqudgha.
    95 | D        | Found a corrupted altar of Lugonu.
    96 | D        | Found a burning altar of Makhleb.
    97 | D        | Found a sparkling altar of Nemelex Xobeh.
    98 | D        | Found an iron altar of Okawaru.
    99 | D        | Found a stormy altar of Qazlal.
   100 | D        | Found a sacrificial altar of Ru.
   101 | D        | Found a shimmering blue altar of Sif Muna.
   102 | D        | Found a bloodstained altar of Trog.
   103 | D        | Found a hide-covered altar of Uskayaw.
   104 | D        | Found a radiant altar of Vehumet.
   105 | D        | Found an ornate altar of the Wu Jian Council.
   106 | D        | Found a shimmering altar of Xom.
   107 | D        | Found a basalt altar of Yredelemnul.
   108 | D        | Found a glowing silver altar of Zin.
   109 | D        | Found a glowing golden altar of the Shining One.
   110 | D        | Became a worshipper of Trog the Wrathful
   127 | D        | Got the +2 dire flail of Karma {vamp, Will+}
   145 | D        | Noticed a two-headed ogre
   145 | D        | Noticed a two-headed ogre
   145 | D        | Noticed a gnoll sergeant
   145 | D        | Noticed a yak
   145 | D        | Noticed a troll
   154 | D        | Killed a two-headed ogre
   155 | D        | Reached skill level 5 in Short Blades
   155 | D        | Reached skill level 5 in Long Blades
   155 | D        | Reached skill level 5 in Axes
   155 | D        | Reached skill level 5 in Maces & Flails
   155 | D        | Reached skill level 5 in Polearms
   155 | D        | Reached skill level 5 in Staves
   155 | D        | Reached skill level 5 in Ranged Weapons
   155 | D        | Reached skill level 5 in Throwing
   155 | D        | Reached skill level 10 in Armour
   155 | D        | Reached skill level 5 in Stealth
   155 | D        | Reached skill level 5 in Shields
   155 | D        | Reached skill level 5 in Spellcasting
   155 | D        | Reached skill level 5 in Shapeshifting
   155 | D        | Reached XP level 4. HP: 6/43 MP: 6/11
   155 | D        | Reached XP level 5. HP: 7/48 MP: 7/13
   155 | D        | Reached XP level 6. HP: 8/55 MP: 7/14
   155 | D        | Reached XP level 7. HP: 8/60 MP: 7/15
   158 | D        | Killed a two-headed ogre
   159 | D        | Reached skill level 5 in Conjurations
   159 | D        | Reached skill level 5 in Hexes
   159 | D        | Reached skill level 5 in Summonings
   159 | D        | Reached skill level 5 in Necromancy
   159 | D        | Reached skill level 5 in Translocations
   159 | D        | Reached skill level 5 in Transmutations
   159 | D        | Reached skill level 5 in Fire Magic
   159 | D        | Reached skill level 5 in Ice Magic
   159 | D        | Reached skill level 5 in Air Magic
   159 | D        | Reached skill level 5 in Earth Magic
   159 | D        | Reached skill level 5 in Poison Magic
   159 | D        | Reached XP level 8. HP: 11/68 MP: 7/18
   160 | D        | HP: 1/68 [yak (6)]
   163 | D        | Killed a yak
   163 | D        | Reached * piety under Trog
   168 | D        | Killed a troll
   169 | D        | Reached skill level 11 in Armour
   185 | D        | Reached ** piety under Trog
   194 | D        | Reached XP level 9. HP: 25/75 MP: 15/19
   357 | D        | Noticed an efreet
   357 | D        | Noticed a boulder beetle
   357 | D        | Noticed a troll
   363 | D        | Killed an efreet
   387 | D        | Mangled by a boulder beetle

Illustrated notes

Levels and vault maps discovered:
D:        linesprint [early_d, line_temple, items_1, d_10, items_2, lair_1,
          lair_end, items_3, orc_1, orc_end, items_4, d_15, swamp_1, shoals_1,
          snake_1, spider_1, d_20, vaults_1, items_5, swamp_end, shoals_end,
          snake_end, spider_end, vaults_end, d_27, items_6, zot_1, zot_end,
          crypt_end, forest_end, elf_end, slime_end, tomb_end, abyss_end,
          pan_hell_end]

Skill      XL: |  1  2  3  4  5  6  7  8  9 |
---------------+----------------------------+-----
Invocations    | 2 6 7 8 |  8.2
Short Blades   | 2 5 6 7 |  7.4
Long Blades    | 2 5 6 7 |  7.4
Axes           | 2 5 6 7 |  7.4
Maces & Flails | 2 5 6 7 |  7.4
Polearms       | 2 5 6 7 |  7.4
Staves         | 2 5 6 7 |  7.4
Ranged Weapons | 2 5 6 7 |  7.4
Throwing       | 2 5 6 7 |  7.4
Stealth        | 2 5 6 7 |  7.4
Shields        | 2 5 6 7 |  7.4
Spellcasting   | 2 5 6 7 |  7.4
Fighting       | 5 7 8 |  8.8
Dodging        | 3 6 7 |  7.9
Unarmed Combat | 3 6 7 |  7.9
Conjurations   | 1 4 5 6 |  6.2
Hexes          | 1 4 5 6 |  6.2
Summonings     | 1 4 5 6 |  6.2
Necromancy     | 1 4 5 6 |  6.2
Translocations | 1 4 5 6 |  6.2
Transmutations | 1 4 5 6 |  6.2
Fire Magic     | 1 4 5 6 |  6.2
Ice Magic      | 1 4 5 6 |  6.2
Air Magic      | 1 4 5 6 |  6.2
Earth Magic    | 1 4 5 6 |  6.2
Poison Magic   | 1 4 5 6 |  6.2
Evocations     | 5 7 8 |  8.8
Shapeshifting  | 1 5 6 |  6.8
Armour         | 10 11 | 11.3

Action                     |  1- 3 |  4- 6 |  7- 9 || total
---------------------------+-------+-------+-------++-------
  Melee: Dagger            |    62 |       |       ||    62
         Bite              |     9 |       |    12 ||    21
         Punch             |     2 |       |     7 ||     9
         Scimitar          |     7 |       |    57 ||    64
 Invoke: Berserk           |       |       |     1 ||     1
    Use: Potion            |     2 |       |     5 ||     7
         Scroll            |       |       |     1 ||     1
   Stab: Invisible         |       |       |     2 ||     2
 Armour: Scale mail        |    27 |       |    22 ||    49
  Dodge: Dodged            |    47 |       |    42 ||    89

Table legend: (Time is in decaauts)
 A = Elapsed time spent in this place.
 B = Non-inter-level travel time spent in this place.
 C = Inter-level travel time spent in this place.
 D = Time resting spent in this place.
 E = Time spent auto-exploring this place.
 F = Levels seen in this place.
 G = Mean time per level.
                   A        B        C        D        E       F      G
               +--------+--------+--------+--------+--------+-----+--------+
         Total |    400 |    400 |      0 |      0 |    184 |   1 |  400.0 |
       Dungeon |    400 |    400 |      0 |      0 |    184 |   1 |  400.0 |
               +--------+--------+--------+--------+--------+-----+--------+

Top non-repeatable levels by time:
       D: 400 daAuts
